 Dungeon Crawl Stone Soup version 0.28-a0-1038-g9c4cb8273d (webtiles) character file.

Game seed: 1156475551868456932

173047 yoda5477 the Warrior (level 17, 0/153 HPs)
             Began as a Demonspawn Fighter on Dec 1, 2021.
             Was a High Priest of Wu Jian.
             Slain by Donald (4 damage)
             ... on level 2 of the Snake Pit on Dec 8, 2021.
             The game lasted 03:51:05 (40449 turns).

yoda5477 the Warrior (Demonspawn Fighter)          Turns: 40449, Time: 03:51:07

Health: 0/153      AC: 37    Str: 24    XL:     17   Next: 42%
Magic:  9/17       EV:  8    Int: 19    God:    Wu Jian [*****.]
Gold:   3367       SH: 15    Dex: 12    Spells: 16/16 levels left

rFire   + + .      SeeInvis +   G - +8 hand axe "Feerch" {freeze, rF+ Int+3 Stlth+}
rCold   . . .      Faith    .   q - +0 kite shield
rNeg    . . .      Spirit   .   N - +4 plate armour of Patterns {rPois rC- Int+5}
rPois   +          Reflect  .   (helmet unavailable)
rElec   +          Harm     +   u - +2 cloak {Stlth+}
rCorr   .          Rampage  .   r - +0 pair of gloves of Sif Muna's Whim {Harm rC+}
Will    +....                   l - +1 pair of boots
Stlth   ..........              K - amulet "Erathrysk" {Acrobat rElec rF+}
HPRegen 0.35/turn               J - +4 ring of protection
MPRegen 0.15/turn               z - ring of see invisible

@: exhausted, about to teleport
A: horns 3, rugged brown scales 2, icemail 1, spiny 3, condensation shield,
bedeviling
a: Renounce Religion, Wall Jump, Serpent's Lash, Heavenly Storm


You were on level 2 of the Snake Pit.
You worshipped Wu Jian.
Wu Jian was extremely pleased with you.
You visited 6 branches of the dungeon, and saw 28 of its levels.
You visited the Abyss 2 times.
You also visited: Volcano.

You collected 3711 gold pieces.
You spent 344 gold pieces at shops.

Inventory:

Hand Weapons
 c - the +7 trident of Dim Light {drain, Fly rC+ MP+9 Dex-2}
   (You found it on level 2 of the Lair of Beasts)

   A truly terrible weapon, it drains the life of any living foe it strikes.
   Dex:       It affects your dexterity (-2).
   rC:        It protects you from cold.
   MP:        It affects your magic capacity (+9).
   Fly:       It grants you flight.
 h - a +1 vampiric demon trident
 G - the +8 hand axe "Feerch" (weapon) {freeze, rF+ Int+3 Stlth+}
   (You found it on level 6 of the Lair of Beasts)

   It freezes those it strikes, dealing additional cold damage.
   It can also slow down cold-blooded creatures.
   Int:       It affects your intelligence (+3).
   rF:        It protects you from fire.
   Stlth:     It makes you more stealthy.
 Q - a +1 demon blade of flaming
 W - the +2 arbalest "Itwust" {elec, *Slow rPois rN+++ Dex+4}
   (You took it off a spriggan on level 1 of the Lair of Beasts)

   Any ammunition fired from it occasionally discharges a powerful burst of
   electricity upon striking a foe.
   Dex:       It affects your dexterity (+4).
   rPois:     It protects you from poison.
   rN:        It renders you almost immune to negative energy.
   *Slow:     It may slow you when you take damage.
Missiles
 B - a throwing net
 E - 19 boomerangs
 I - 81 poisoned darts (quivered)
Armour
 l - a +1 pair of boots (worn)
 q - a +0 kite shield (worn)
 r - the +0 pair of gloves of Sif Muna's Whim (worn) {Harm rC+}
   (You acquired it on level 2 of the Orcish Mines)

   rC:        It protects you from cold.
   Harm:      It increases damage dealt and taken.
 u - a +2 cloak of stealth (worn)
 F - a +3 plate armour of fire resistance
 N - the +4 plate armour of Patterns (worn) {rPois rC- Int+5}
   (You found it on level 2 of the Elven Halls)

   Int:       It affects your intelligence (+5).
   rC:        It makes you vulnerable to cold.
   rPois:     It protects you from poison.
 R - the +0 ring mail "Lidoc" {rPois}
   (You found it on level 1 of the Lair of Beasts)

   rPois:     It protects you from poison.
 T - a +1 pair of gloves of hurling
 X - a +2 buckler
Jewellery
 b - a +6 ring of dexterity
 p - an amulet of regeneration
 x - a ring of flight
 y - a ring of ice
 z - a ring of see invisible (right hand)
 J - a +4 ring of protection (left hand)
 K - the amulet "Erathrysk" (around neck) {Acrobat rElec rF+}
   (You found it on level 7 of the Dungeon)

   [amulet of the acrobat]

   It increases your evasion while moving and waiting.
   rF:        It protects you from fire.
   rElec:     It insulates you from electricity.
 O - a ring of wizardry
 V - a +4 ring of evasion
Wands
 m - a wand of flame (26)
 A - a wand of digging (15)
 C - a wand of iceblast (19)
 L - a wand of polymorph (13)
 M - a wand of paralysis (10)
 P - a wand of charming (18)
Scrolls
 a - 2 scrolls of enchant armour
 j - 2 scrolls of blinking
 s - 2 scrolls of fear
 t - 10 scrolls of teleportation
 v - a scroll of fog
 H - 3 scrolls of enchant weapon
 S - 3 scrolls of magic mapping
 Z - 2 scrolls of identify
Potions
 d - 4 potions of might
 e - 8 potions of curing
 f - 4 potions of flight
 g - 2 potions of cancellation
 i - 2 potions of brilliance
 k - 4 potions of haste
 n - 2 potions of berserk rage
 o - 2 potions of ambrosia
 w - a potion of resistance
 D - a potion of invisibility
 Y - a potion of magic
Miscellaneous
 U - a phial of floods


   Skills:
 + Level 16.6 Fighting
 + Level 16.0(17.0) Axes
 + Level 9.7(14.0) Polearms
 * Level 6.2 Throwing
 + Level 13.5 Armour
 - Level 5.0 Dodging
 + Level 10.3 Shields


You had 16 spell levels left.
You didn't know any spells.
Your spell library contained the following spells:

 Spells                   Type           Power      Damage    Failure   Level
 Magic Dart               Conj           0%         1d3       97%         1
 Slow                     Hex            0%         N/A       97%         1
 Searing Ray              Conj           0%         2d4       99%         2
 Sublimation of Blood     Necr           0%         N/A       99%         2
 Confusing Touch          Hex            0%         N/A       100%        3
 Frozen Ramparts          Ice            0%         1d2       100%        3
 Inner Flame              Hex/Fire       0%         N/A       100%        3
 Vampiric Draining        Necr           0%         2d6       100%        3
 Animate Dead             Necr           0%         N/A       100%        4
 Cause Fear               Hex            0%         N/A       100%        4
 Fulminant Prism          Conj/Hex       0%         3d6       100%        4
 Ice Form                 Ice/Tmut       0%         N/A       100%        4
 Summon Ice Beast         Ice/Summ       0%         N/A       100%        4
 Alistair's Intoxication  Tmut/Pois      0%         N/A       100%        5
 Blade Hands              Tmut           0%         N/A       100%        5
 Borgnjor's Vile Clutch   Necr/Erth      0%         N/A       100%        5
 Freezing Cloud           Conj/Ice/Air   0%         6-21      100%        5
 Irradiate                Conj/Tmut      0%         3d13      100%        5
 Death Channel            Necr           0%         N/A       100%        6
 Eringya's Noxious Bog    Tmut/Pois      0%         N/A       100%        6
 Simulacrum               Ice/Necr       0%         N/A       100%        6
 Dragon Form              Tmut           0%         N/A       100%        7
 Discord                  Hex            0%         N/A       100%        8
 Polar Vortex             Ice            0%         N/A       100%        9


Dungeon Overview and Level Annotations

Branches:
Dungeon (12/15)            Temple (1/1) D:6            Lair (6/6) D:11
 Shoals (0/4) Lair:2        Snake (4/4) Lair:4        Slime (0/5) Lair:5
    Orc (2/2) D:9             Elf (3/3) Orc:2       Volcano (visited)

Altars:
Ashenzari
Cheibriados
Dithmenos
Elyvilon
Fedhas
Gozag
Hepliaklqana
Kikubaaqudgha
Makhleb
Nemelex Xobeh
Okawaru
Qazlal
Ru
Sif Muna
Trog
Uskayaw
Vehumet
Wu Jian
Xom
Yredelemnul
Zin
The Shining One
Beogh

Shops:
D:3 *   D:9 *   Orc:1 ?   Orc:2 [=?*   Elf:1 **   Snake:4 (

Portals:
Pandemonium: Orc:2
Trove: D:11 (give horn of Geryon)

Annotations:
D:5 exclusion: downstairs
Snake:1 3 runed translucent doors, t4s4d4r's ghost, journeyman DgEE
Snake:2 Donald
Orc:2 1 runed translucent door, casual's ghost, journeyman DsTm
Elf:2 3 runed translucent doors, exclusion: 2 orange crystal statues


Innate Abilities, Weirdness & Mutations

You have a pair of large horns on your head.
You are mostly covered in rugged brown scales. (AC +2, +5% HP)
A meltable icy envelope protects you from harm. (AC +4)
You are completely covered in sharp spines.
A meltable shield of frost defends you. (SH +4)
Your hexes are more powerful.


Message History

Donald is severely wounded.
You spin and attack the mana viper.
You slash the mana viper! You freeze the mana viper.
You kill the mana viper!
The Council accepts your kill. You block the black mamba's attack.
Donald is struck by your spines.
Donald hits you with a +3 scimitar of holy wrath!!
You convulse!!!
* * * LOW HITPOINT WARNING * * *
Things that are here:
a +0 robe; a +0 spear
Okay, then.
Your muscles tense, ready for explosive movement...
You spin and attack Donald, with incredible momentum.
Donald blocks your attack.
Donald is severely wounded.
Your supernatural speed expires.
The black mamba barely misses you. Donald misses you.
There is a stone staircase leading up, spattered with blood here.
You see here a black mamba skeleton.
Donald hits you but does no damage.
You climb upwards.
There is a stone staircase leading down here.
Okay, then.
As you read the scroll of teleportation, it crumbles to dust.
You feel strangely unstable. You block Donald's attack.
The mana viper bites you!
* * * LOW HITPOINT WARNING * * *
You feel your power leaking away.
Donald says, "I think I hate rivers, but I can't remember why."
You block Donald's attack. The mana viper barely misses you.
You spin and attack Donald.
Donald blocks your attack.
Donald is severely wounded.
Donald says, "What's a barding, anyway?
Does it sing for its supper?"
You block Donald's attack.
Donald hits you with a +3 scimitar of holy wrath!!
* * * LOW HITPOINT WARNING * * *
You convulse.
You die...

#######
#.....#
##..>.#
#.S@(# #
#.@#####
#####
#..#...##
###...#
##......#
#.#.... ###
#......##
#...... #.#
###.....##
#..#...
##.#####
###....#
#.##...
#..#...#
###..#
#.##...
##...^..#
#..###.#####
#.......#
##.##...# #


You could see Donald (fast, strong) and a mana viper.

Vanquished Creatures
  Nikola (Snake:1)
  A deep elf blademaster (Elf:3)
  2 nagarajas
  A deep elf sorcerer (Elf:3)
  Aizul (Snake:1)
  3 deep elf elementalists (Elf:3)
  2 deep elf demonologists (Elf:3)
  A dire elephant (Lair:5)
  A deep elf annihilator (Elf:3)
  A fire dragon (Lair:6)
  2 deep elf death magi
  3 deep elf high priests
  Josephine (D:10)
  A salamander tyrant (Snake:2)
  5 naga warriors
  A boulder beetle (Lair:6)
  A catoblepas (Lair:6)
  6 hydras
  Erica (D:8)
  9 anacondas
  A demonspawn (Orc:2)
  2 two-headed ogres
  13 dancing weapons
  8 death yaks (Lair:6)
  6 naga sharpshooters
  5 shock serpents
  8 orc high priests (Orc:2)
  A thrashing horror (Abyss:4)
  6 deep elf knights
  A soul eater (Orc:2)
  A salamander mystic (Snake:1)
  2 naga ritualists (Snake:1)
  3 lindwurms
  14 deep elf archers
  27 deep elf zephyrmancers
  7 orc knights
  4 orc sorcerers (Orc:2)
  A mana viper (shapeshifter) (Elf:1)
  34 deep elf pyromancers
  A cyclops (D:11)
  An orb spider (shapeshifter) (Elf:2)
  2 manticores (Lair:6)
  6 mana vipers
  13 salamanders
  2 merfolk sirens (Lair:2)
  A large abomination (Abyss:2)
  2 guardian serpents (Snake:1)
  8 elephants
  6 torpor snails (Lair:6)
  17 cane toads
  9 naga magi
  An unseen horror (D:11)
  2 gargoyles (D:11)
  A rime drake (shapeshifter) (Elf:2)
  33 black mambas
  5 komodo dragons
  A hellwing (Orc:2)
  2 rime drakes
  3 trolls (D:11)
  3 tyrant leeches
  4 polar bears
  8 hornets (Lair:6)
  10 blink frogs
  3 dream sheep
  A dream sheep (shapeshifter) (Elf:2)
  5 wraiths (D:10)
  An air elemental (Elf:2)
  52 yaks
  A vampire (D:11)
  12 spriggans
  A water elemental (Elf:3)
  8 wyverns
  A ynoxinul (Orc:2)
  3 basilisks
  2 golden eyes (Abyss:3)
  4 fire elementals (Volcano)
  Grum (D:8)
  2 wargs (Orc:2)
  28 nagas
  2 acid dragons (D:10)
  5 hell hounds (Volcano)
  17 water moccasins
  29 orc warriors
  Duvessa (D:6)
  A sky beast (D:7)
  5 ice beasts
  6 ogres
  26 wolves
  5 centaurs
  4 kobold brigands
  14 bullfrogs
  A wyvern zombie (D:7)
  3 earth elementals
  3 scorpions
  32 killer bees
  2 water moccasin skeletons
  Dowan (D:6)
  9 wights
  4 howler monkeys
  6 electric eels
  4 centaur zombies
  6 hounds
  6 jellies
  A centaur skeleton (D:5)
  20 orc priests
  Jessica (D:2)
  Natasha (D:3)
  A gnoll shaman (D:6)
  2 iguanas (D:5)
  Ijyb (D:3)
  15 orc wizards
  A killer bee zombie (D:7)
  A hound skeleton (D:5)
  A howler monkey zombie (D:8)
  9 gnolls
  3 adders
  A white imp (D:7)
  An ufetubus (D:4)
  A worm (D:2)
  76 orcs
  5 ball pythons
  8 endoplasms
  2 giant cockroaches
  10 goblins
  7 hobgoblins
  6 jackals
  2 quokkas
  5 bats
  2 frilled lizards
  A jackal skeleton (D:4)
  29 kobolds
  8 rats
867 creatures vanquished.

Vanquished Creatures (others)
  A deep elf archer (Elf:2)
  38 fungi
  69 plants
108 creatures vanquished.

Grand Total: 975 creatures vanquished

Notes
Turn   | Place    | Note
-------+----------+-------------------------------------------
     0 | D:1      | yoda5477 the Demonspawn Fighter began the quest for the
                  | Orb.
     0 | D:1      | Reached XP level 1. HP: 18/18 MP: 1/1
    97 | D:1      | Gained mutation: You are partially covered in sharp spines.
                  | [demonic ancestry]
    97 | D:1      | Reached XP level 2. HP: 13/24 MP: 2/2
   358 | D:1      | Found a faded altar of an unknown god.
   939 | D:2      | Noticed Jessica
   951 | D:2      | Killed Jessica
   952 | D:2      | Gained mutation: You have a pair of small horns on your
                  | head. [demonic ancestry]
   952 | D:2      | Reached XP level 3. HP: 13/29 MP: 3/3
  2037 | D:2      | Reached XP level 4. HP: 37/37 MP: 4/4
  2308 | D:3      | Found Gofaxedou's General Store.
  2313 | D:3      | Noticed Natasha
  2324 | D:3      | Killed Natasha
  2631 | D:3      | Noticed an angel
  2679 | D:3      | Noticed Ijyb
  2782 | D:3      | Killed Ijyb
  2783 | D:3      | Reached XP level 5. HP: 41/42 MP: 5/5
  2800 | D:3      | Found a burning altar of Makhleb.
  2800 | D:3      | Noticed an Executioner
  2803 | D:3      | Noticed a hellwing
  2803 | D:3      | Noticed a hellwing
  3344 | D:5      | Entered Level 5 of the Dungeon
  3676 | D:4      | Gained mutation: A meltable shield of frost defends you.
                  | (SH +4) [demonic ancestry]
  3676 | D:4      | Reached XP level 6. HP: 40/48 MP: 6/6
  3706 | D:4      | Reached skill level 5 in Axes
  4113 | D:5      | Found a shimmering blue altar of Sif Muna.
  4172 | D:5      | Noticed an ice beast
  4178 | D:5      | Killed an ice beast
  4179 | D:5      | Gained mutation: You are partially covered in rugged brown
                  | scales. (AC +1, +3% HP) [demonic ancestry]
  4179 | D:5      | Reached XP level 7. HP: 48/55 MP: 7/7
  4575 | D:6      | Noticed Duvessa
  4575 | D:6      | Noticed Dowan
  4659 | D:6      | Gained mutation: You are mostly covered in sharp spines.
                  | [demonic ancestry]
  4659 | D:6      | Reached XP level 8. HP: 62/62 MP: 8/8
  5061 | D:6      | Reached skill level 5 in Fighting
  5200 | D:6      | Found a staircase to the Ecumenical Temple.
  5205 | Temple   | Entered the Ecumenical Temple
  5335 | Temple   | Became a worshipper of the Wu Jian Council
  5891 | D:6      | Killed Dowan
  5911 | D:6      | Killed Duvessa
  5912 | D:6      | Reached XP level 9. HP: 49/70 MP: 9/9
  6060 | D:7      | Identified the amulet "Erathrysk" {Acrobat rElec rF+}
  6138 | D:7      | Reached skill level 10 in Axes
  6717 | D:8      | Found a bloodstained altar of Trog.
  6971 | D:7      | Reached * piety under Wu Jian
  7107 | D:8      | Noticed Grum
  7121 | D:8      | Killed Grum
  7317 | D:8      | Gained mutation: A meltable icy envelope protects you from
                  | harm. (AC +4) [demonic ancestry]
  7317 | D:8      | Reached XP level 10. HP: 78/78 MP: 10/10
  7646 | D:8      | Noticed Erica
  7673 | D:8      | Killed Erica
  8153 | D:9      | Found Itwum's Gadget Gallery.
  8358 | D:10     | Entered Level 10 of the Dungeon
  8475 | D:9      | Found a staircase to the Orcish Mines.
  8500 | D:9      | Reached skill level 5 in Armour
  8626 | D:9      | Noticed a two-headed ogre
  8661 | D:9      | Killed a two-headed ogre
  9321 | Orc:1    | Entered Level 1 of the Orcish Mines
  9959 | D:11     | Found a portal to a secret trove of treasure.
 10337 | D:10     | Noticed Josephine
 10360 | D:10     | Reached ** piety under Wu Jian
 10657 | D:10     | Killed Josephine
 10658 | D:10     | Reached XP level 11. HP: 65/86 MP: 11/11
 11905 | D:11     | Identified a scroll of acquirement
 11905 | D:11     | Acquired the +5 executioner's axe of Rubbish {freeze, Drain
                  | rPois rF+ Dex+4}
 11979 | D:11     | Noticed a two-headed ogre
 12476 | D:11     | Reached *** piety under Wu Jian
 12635 | D:11     | Found a staircase to the Lair.
 12815 | D:11     | Killed a two-headed ogre
 13376 | Lair:1   | Entered Level 1 of the Lair of Beasts
 13397 | D:11     | HP: 4/88 [blink frog (12)]
 13679 | Lair:1   | Gained mutation: You have a pair of horns on your head.
                  | [demonic ancestry]
 13679 | Lair:1   | Reached XP level 12. HP: 89/94 MP: 12/12
 14023 | Lair:1   | Found a dark tunnel.
 14030 | Volcano  | Entered a volcano
 14262 | Volcano  | Reached skill level 15 in Axes
 14860 | Lair:2   | Reached **** piety under Wu Jian
 14934 | Lair:1   | Identified the +0 ring mail "Lidoc" {rPois}
 15750 | Lair:1   | Identified the +2 arbalest "Itwust" {elec, *Slow rPois
                  | rN+++ Dex+4}
 16141 | Lair:2   | Identified the +7 trident of Dim Light {drain, Fly rC+ MP+9
                  | Dex-2}
 16226 | Lair:2   | Noticed a five-headed hydra
 16235 | Lair:2   | Killed a five-headed hydra
 16387 | Lair:2   | Found a staircase to the Shoals.
 16553 | Lair:2   | Gained mutation: You are completely covered in sharp
                  | spines. [demonic ancestry]
 16553 | Lair:2   | Reached XP level 13. HP: 102/106 MP: 13/13
 16554 | Lair:2   | Reached skill level 10 in Fighting
 16728 | Lair:2   | Reached ***** piety under Wu Jian
 17911 | Lair:3   | Reached skill level 10 in Armour
 18658 | Lair:4   | Found a staircase to the Snake Pit.
 20142 | Lair:5   | Reached skill level 1 in Dodging
 20208 | Lair:5   | Identified the +1 robe "Hecw" {*Slow Regen+ rCorr}
 20259 | Lair:5   | Found a staircase to the Slime Pits.
 20475 | Lair:5   | Got the Guide on Ghastly Ice
 20627 | Lair:6   | Entered Level 6 of the Lair of Beasts
 21222 | Lair:6   | Reached XP level 14. HP: 89/119 MP: 14/14
 21813 | Lair:6   | Reached skill level 5 in Shields
 22247 | Lair:6   | Identified the +8 hand axe "Feerch" {freeze, rF+ Int+3
                  | Stlth+}
 23996 | Lair:6   | Found a runed translucent door.
 24069 | Lair:6   | Reached skill level 5 in Dodging
 25407 | Orc:2    | Entered Level 2 of the Orcish Mines
 25431 | Orc:2    | Reached skill level 1 in Polearms
 25453 | Orc:1    | Found Qohueleheu's Magic Scroll Shop.
 25775 | Orc:2    | Found Ceweuth's Magic Scroll Emporium.
 25778 | Orc:2    | Found Ynlydityib's General Store.
 25869 | Orc:2    | Gained mutation: You are mostly covered in rugged brown
                  | scales. (AC +2, +5% HP) [demonic ancestry]
 25869 | Orc:2    | Reached XP level 15. HP: 122/132 MP: 15/15
 25880 | Orc:2    | Reached skill level 5 in Polearms
 25880 | Orc:2    | Found Hihoafu's Jewellery Shop.
 25880 | Orc:2    | Found Anguerypsi's Antique Armour Boutique.
 25885 | Orc:2    | Found a one-way gate leading to the halls of Pandemonium.
 26101 | Orc:2    | Found a staircase to the Elven Halls.
 26141 | Orc:2    | Found a runed translucent door.
 26141 | Orc:2    | Found a shimmering altar of Xom.
 26141 | Orc:2    | Noticed casual's ghost (journeyman DsTm)
 27259 | Snake:1  | Entered Level 1 of the Snake Pit
 28015 | Orc:2    | Bought a runed cloak for 172 gold pieces
 28015 | Orc:2    | Bought a pair of embroidered gloves for 172 gold pieces
 28030 | Orc:2    | Acquired the +0 pair of gloves of Sif Muna's Whim {Harm
                  | rC+}
 28770 | Snake:1  | Found a runed translucent gate.
 28771 | Snake:1  | Found a runed translucent gate.
 28805 | Snake:1  | Noticed Aizul
 28846 | Snake:1  | Killed Aizul
 28852 | Snake:1  | Found a runed translucent gate.
 29395 | Snake:1  | Noticed t4s4d4r's ghost (journeyman DgEE)
 29431 | Snake:1  | Noticed Nikola
 29558 | Snake:1  | Killed Nikola
 31267 | Snake:2  | Reached skill level 1 in Throwing
 31851 | Snake:2  | Noticed a nagaraja
 32142 | Snake:2  | Killed a nagaraja
 32319 | Snake:2  | Gained mutation: Your hexes are more powerful. [demonic
                  | ancestry]
 32319 | Snake:2  | Reached XP level 16. HP: 108/140 MP: 16/16
 32683 | Snake:2  | Reached skill level 15 in Fighting
 33811 | Elf:1    | Entered Level 1 of the Elven Halls
 34440 | Elf:1    | Found Mineugga's General Store.
 34442 | Elf:1    | Found Xaqelume's Specific Store.
 34503 | Elf:1    | Acquired 545 gold pieces
 35627 | Elf:2    | Reached ****** piety under Wu Jian
 35857 | Elf:2    | Identified the +4 plate armour of Patterns {rPois rC-
                  | Int+5}
 36208 | Elf:2    | Found a runed translucent gate.
 36208 | Elf:2    | Found a runed translucent gate.
 36208 | Elf:2    | Found a runed translucent gate.
 36482 | Elf:3    | Entered Level 3 of the Elven Halls
 37683 | Elf:2    | Reached skill level 5 in Throwing
 37759 | Elf:3    | Noticed a deep elf blademaster
 37823 | Elf:3    | Killed a deep elf blademaster
 37851 | Elf:3    | Cast into level 3 of the Abyss (a deep elf demonologist)
 37881 | Elf:3    | Escaped the Abyss
 37900 | Elf:3    | Gained mutation: You have a pair of large horns on your
                  | head. [demonic ancestry]
 37900 | Elf:3    | Reached XP level 17. HP: 147/151 MP: 17/17
 37900 | Elf:3    | Upgraded the game from 0.28-a0-973-ga7f8b01127 to
                  | 0.28-a0-983-g1de4e0787c
 38513 | Elf:3    | Reached skill level 10 in Shields
 38522 | Elf:3    | Cast into level 2 of the Abyss (a deep elf demonologist)
 38551 | Abyss:2  | Identified the +5 dagger "Bisy" {vorpal, rN++}
 38726 | Abyss:3  | Noticed a profane servitor
 38780 | Elf:3    | Escaped the Abyss
 38783 | Elf:3    | Noticed a Brimstone Fiend
 38794 | Elf:3    | Identified the amulet "Kysiydec" {Faith Rampage rN+ Int+2
                  | Stlth-}
 38795 | Elf:3    | Identified the amulet of Huagil {rElec Regen+}
 38795 | Elf:3    | Noticed a deep elf master archer
 38838 | Elf:3    | HP: 1/149 [deep elf master archer/arrow (27)]
 39506 | Snake:1  | Upgraded the game from 0.28-a0-983-g1de4e0787c to
                  | 0.28-a0-1038-g9c4cb8273d
 40401 | Snake:4  | Entered Level 4 of the Snake Pit
 40401 | Snake:4  | Found Ybuttaist's Antique Weapon Boutique.
 40423 | Snake:3  | Noticed Donald
 40449 | Snake:2  | HP: 4/153 [Donald (30)]
 40449 | Snake:2  | Slain by Donald

Illustrated notes

Levels and vault maps discovered:
D:1:      lightli_arrival_noodles, layout_basic, basic_ecumenical_altar,
          minmay_pentomino_t2
D:2:      layout_basic, serial_bayou_pond_b, ebering_dispersal_statue_hall,
          minmay_stone_trees_small, uniq_jessica
D:3:      minmay_chambers_of_twos, layout_basic, zin_angel,
          makhleb_altar_promises_db, serial_shops,
          nicolae_shop_temple_entry_statues_fountains, uniq_natasha, uniq_ijyb
D:4:      layout_basic
D:5:      layout_basic, led_sif_pool
D:6:      layout_loops_corners, minmay_temple_entry_wispy, uniq_duvessa
D:7:      layout_basic, enter_bailey_2
D:8:      layout_loops_ring, mainiacjoe_overflow_tiny_flanked, uniq_grum,
          uniq_erica
D:9:      layout_rooms, orc_0_dummy, grunt_ministairs_4, nicolae_shop_gadgets
D:10:     layout_basic, uniq_josephine
D:11:     layout_rooms, erik_lair_island, nicolae_trove_entry_crossroad
D:12:     layout_roguey, uniq_frances
Temple:   dpeg_five_rooms_temple
Lair:1:   wad_woods_minihive, layout_chaotic_city,
          lightli_volcano_entry_magma_tube, infiniplex_staircase_pool_2,
          serial_bayou_shore_a
Lair:2:   layout_cave_pods, elwin_shoals_entry_rooms, grunt_megastairs_1
Lair:3:   layout_misc_corridors, grunt_megastairs_4
Lair:4:   layout_misc_corridors, guppyfry_snake_entry_garden, st_stairs_6
Lair:5:   layout_hall_layers, nicolae_slime_entry_slimehenge,
          beast_lair_carwin_4, serial_bayou_shore_b
Lair:6:   wormcave, layout_regular_city, hangedman_lair_in_review,
          lemuel_fruit_fields
Snake:1:  layout_onion, ebering_ghost_rock_garden,
          nicolae_snake_gridmaze_swirls, hangedman_snake_corridor_split,
          serial_bayou_shore_b, serial_bayou_shore_b, serial_bayou_shore_b,
          uniq_aizul, uniq_nikola
Snake:2:  layout_misc_corridors
Snake:3:  layout_onion, uniq_donald
Snake:4:  johnstein_snake_rune_scales, layout_onion, serial_shops,
          nicolae_shop_advertising_works [nicolae_subvault_shop_adworks],
          serial_bayou_shore_b, uniq_saint_roka
Orc:1:    layout_caves, serial_shops, nicolae_shop_window_shopping
Orc:2:    pf_orc_diabolical, layout_caves, ebering_ghost_xom,
          gauntlet_entry_generic, basic_altar, minmay_orc_temple_b
Elf:1:    minmay_elf_arrival_plus, layout_geoelf_diagonals,
          minmay_elf_crystal_hexagon, nicolae_specific_store,
          serial_sigils_hangedman_snap
Elf:2:    elven_hall_of_blades_hangedman_original
          [nicolae_blade_entry_floor_patterns], layout_gridlike, david_greed
Elf:3:    elf_hall, layout_geoelf_grid

Skill      XL: |  1  2  3  4  5  6  7  8  9 10 11 12 13 14 15 16 17 |
---------------+----------------------------------------------------+-----
Axes           | 2 3 4 6 7 9 11 13 14 15 16 | 16.0
Shields        | 3 4 6 7 9 10 | 10.3
Fighting       | 4 5 7 8 9 12 14 16 | 16.6
Armour         | 3 4 6 8 9 11 12 13 | 13.5
Dodging        | 2 5 |  5.0
Polearms       | 4 8 9 |  9.7
Throwing       | 2 5 6 |  6.2

Action                   |  1- 3 |  4- 6 |  7- 9 | 10-12 | 13-15 | 16-18 || total
-------------------------+-------+-------+-------+-------+-------+-------++-------
Melee: War axe           |    66 |   109 |    63 |       |       |       ||   238
       Headbutt          |     5 |    25 |    45 |   137 |   282 |   156 ||   650
       Unarmed           |       |     1 |       |       |       |       ||     1
       Hand axe          |       |       |   154 |   697 |   417 |   789 ||  2057
       Trident           |       |       |       |    37 |   641 |       ||   678
       Demon trident     |       |       |       |       |   487 |       ||   487
       Demon blade       |       |       |       |       |    13 |       ||    13
Throw: Stone             |       |     7 |       |       |       |       ||     7
       Boomerang         |       |     6 |    15 |       |       |       ||    21
       Dart              |       |       |       |    19 |    32 |    13 ||    64
Invok: Lunge             |       |       |    13 |    35 |    99 |    60 ||   207
       Whirlwind         |       |       |       |    44 |   601 |   345 ||   990
       Serpent's Lash    |       |       |       |     4 |     6 |     3 ||    13
       Heavenly Storm    |       |       |       |       |     3 |     1 ||     4
 Abil: Wall Jump         |       |       |       |     4 |     3 |     1 ||     8
Evoke: Wand              |       |     6 |     5 |     2 |       |     1 ||    14
       Phial of floods   |       |       |       |     1 |       |       ||     1
  Use: Scroll            |       |     5 |     1 |    13 |    11 |     6 ||    36
       Potion            |       |       |       |     3 |     4 |     2 ||     9
 Stab: Distracted        |       |       |       |       |     1 |     1 ||     2
       Sleeping          |       |       |       |       |     1 |     1 ||     2
Armor: Scale mail        |    20 |    40 |       |       |       |       ||    60
       Skin              |       |     7 |       |       |       |       ||     7
       Chain mail        |       |     1 |    64 |   162 |       |       ||   227
       Ring mail         |       |       |       |    24 |   212 |    46 ||   282
       Plate armour      |       |       |       |     7 |    50 |   170 ||   227
Dodge: Dodged            |    24 |    38 |    35 |   207 |   488 |   163 ||   955
Block: Buckler           |    15 |    29 |    74 |   214 |   474 |   194 ||  1000
       Kite shield       |       |       |       |       |       |    14 ||    14

Table legend: (Time is in decaauts)
 A = Elapsed time spent in this place.
 B = Non-inter-level travel time spent in this place.
 C = Inter-level travel time spent in this place.
 D = Time resting spent in this place.
 E = Time spent auto-exploring this place.
 F = Levels seen in this place.
 G = Mean time per level.
                   A        B        C        D        E       F      G
               +--------+--------+--------+--------+--------+-----+--------+
         Total |  40255 |  37787 |   2468 |  14510 |  11685 |  33 | 1219.8 |
       Dungeon |  14293 |  13067 |   1226 |   4234 |   5561 |  12 | 1191.1 |
        Temple |    277 |    247 |     30 |      0 |    210 |   1 |  277.0 |
          Lair |  11922 |  11306 |    616 |   4836 |   3918 |   6 | 1987.0 |
     Snake Pit |   5772 |   5532 |    240 |   2773 |    724 |   4 | 1443.0 |
  Orcish Mines |   1970 |   1753 |    217 |     96 |    819 |   2 |  985.0 |
   Elven Halls |   5074 |   4937 |    137 |   2210 |    453 |   3 | 1691.3 |
         Abyss |    285 |    285 |      0 |      0 |      0 |   4 |   71.2 |
       Volcano |    658 |    658 |      0 |    359 |      0 |   1 |  658.0 |
               +--------+--------+--------+--------+--------+-----+--------+

Top non-repeatable levels by time:
  Lair:6: 4061 daAuts
 Snake:1: 3249 daAuts
   Elf:2: 2537 daAuts
    D:10: 2359 daAuts
    D:11: 2116 daAuts
  Lair:4: 2091 daAuts
 Snake:2: 2064 daAuts
     D:9: 1925 daAuts
  Lair:2: 1789 daAuts
  Lair:1: 1574 daAuts
   Orc:2: 1568 daAuts
   Elf:1: 1387 daAuts
     D:2: 1365 daAuts
  Lair:5: 1206 daAuts
  Lair:3: 1198 daAuts
